 Dungeon Crawl Stone Soup version 0.22-a0-469-gf26638a71f (webtiles) character file.

5299 Kriby the Schismatic (level 10, 0/78 (79) HPs)
             Began as a Human Abyssal Knight on June 12, 2018.
             Was an Elder of Lugonu.
             Slain by a troll (5 damage)
             ... on level 8 of the Dungeon.
             The game lasted 00:19:47 (13442 turns).

Kriby the Schismatic (Human Abyssal Knight)        Turns: 13442, Time: 00:19:48

HP:   0/78 (79)     AC: 20    Str: 15    XL:     10   Next: 95%
MP:   15/15         EV: 10    Int: 12    God:    Lugonu [****..]
Gold: 296           SH:  3    Dex: 14    Spells: 9/9 levels left

rFire    . . .     SeeInvis .   n - +2 scythe (venom)
rCold    . . .     Gourm    .   (shield currently unavailable)
rNeg     . . .     Faith    .   a - +4 chain mail
rPois    +         Spirit   .   r - +2 helmet
rElec    .         Reflect  +   (no cloak)
rCorr    .         Harm     .   u - +0 pair of gloves
MR       .....                  h - +0 pair of boots
Stlth    ..........             A - +3 amulet of reflection
HPRegen  0.23/turn              o - ring of poison resistance
MPRegen  0.14/turn              p - ring of stealth

@: no status effects
A: no striking features
a: Depart the Abyss, Bend Space, Banish, Corrupt, Renounce Religion


You were on level 8 of the Dungeon.
You worshipped Lugonu.
Lugonu was greatly pleased with you.
You were not hungry.

You visited 1 branch of the dungeon, and saw 8 of its levels.
You visited the Abyss 1 time.
You also visited: Sewer.

You collected 296 gold pieces.

Inventory:

Hand Weapons
 b - a +0 war axe
 n - a +2 scythe of venom (weapon)
Missiles
 g - 2 throwing nets
 m - 7 javelins of returning (quivered)
Armour
 a - a +4 chain mail (worn)
 h - a +0 pair of boots (worn)
 r - a +2 helmet (worn)
 u - a +0 pair of gloves (worn)
 x - a +0 troll leather armour {Purgy}
Jewellery
 o - a ring of poison resistance (left hand)
 p - a ring of stealth (right hand)
 A - a +3 amulet of reflection (around neck)
Scrolls
 f - a scroll of enchant weapon
 j - a scroll of brand weapon
 l - 2 scrolls of random uselessness
 v - 2 scrolls of identify {@r1}
Potions
 d - a potion of cancellation
 e - a potion of curing {@q1}
 k - a potion of invisibility
Comestibles
 c - 12 rations {@e1}


   Skills:
 + Level 7.5 Fighting
 + Level 7.2 Axes
 + Level 7.2 Armour
 + Level 6.9 Dodging
 + Level 7.8 Invocations


You had 9 spell levels left.
You didn't know any spells.
Your spell library contained the following spells:

 Spells                   Type           Power        Failure   Level  Hunger
 Lightning Bolt           Conj/Air       #.........   100%        5    ######.
 Shock                    Conj/Air       #...         99%         1    ##.....
 Swiftness                Chrm/Air       #.......     100%        2    ###....
 Airstrike                Air            #.........   100%        4    #####..
 Static Discharge         Conj/Air       #.......     100%        3    ####...


Dungeon Overview and Level Annotations

Branches:
Dungeon (8/15)             Temple (0/1) D:7
   Lair: D:8-11

Altars:
Ashenzari
Cheibriados
Elyvilon
Fedhas
Gozag
Hepliaklqana
Makhleb
Okawaru
Ru
Sif Muna
Trog
Uskayaw
The Shining One

Shops:
D:2 *   D:7 }

Annotations:
D:2 1 runed door


Message History

Your chain mail prevents you from hitting the troll.
The troll is heavily wounded.
The troll barely misses you. The troll claws you but does no damage.
The troll claws you. The troll bites you.
The troll claws you but does no damage. The troll claws you!
You see here 17 arrows.
You closely miss the troll.
The troll is heavily wounded.
The troll barely misses you. The troll claws you. The troll closely misses you.
The troll misses you.
The troll claws you but does no damage. x2
You hit the troll.
The troll is severely wounded.
The troll bites you!
* * * LOW HITPOINT WARNING * * *
The troll completely misses you. The troll claws you.
* * * LOW HITPOINT WARNING * * *
The troll bites you!
* * * LOW HITPOINT WARNING * * *
The troll closely misses you. The troll claws you.
You die...

#..........#
#..........#
###########..........##.
..........#.............
........................
......................#
.........>...........##
..)....<.............#
.......@.........#######
.......T(.........# ...
.......<...#.###..###...
...........#...#....)...
########.....#....#.....
##....#####....#..
#..##.............
#.###.......W.<... #.#
#.......#.#...


You could see a troll.

Vanquished Creatures
  A two-headed ogre (D:7)
  Pikel (D:3)
  Joseph (D:7)
  Grinder (D:4)
  Prince Ribbit (D:7)
  Sigmund (D:5)
  Menkaure (D:5)
  Duvessa (D:5)
  3 orc warriors (D:7)
  A slave (D:3)
  Purgy (Sewer)
  A phantom (D:6)
  A necrophage (D:7)
  A wolf (D:7)
  2 ogres
  3 centaurs
  A bullfrog (D:7)
  Blork the orc (D:6)
  Dowan (D:5)
  A scorpion (D:6)
  5 wights (D:7)
  A howler monkey (D:5)
  2 crimson imps
  3 jellies
  A bullfrog zombie (D:8)
  7 hounds
  8 orc priests
  3 orc wizards
  A gnoll shaman (D:7)
  Ijyb (D:5)
  Terence (D:2)
  6 worker ants
  A hound zombie (D:8)
  Robin (D:2)
  3 gnolls (D:7)
  13 adders
  2 river rats (D:6)
  2 adder zombies
  An adder skeleton (D:6)
  4 worms
  5 leopard geckos
  20 orcs
  8 bats
  3 giant cockroaches
  17 goblins
  8 hobgoblins
  12 jackals
  10 kobolds
  7 quokkas
  4 ball pythons
  4 frilled lizards
  A leopard gecko zombie (D:6)
  5 rats
195 creatures vanquished.

Vanquished Creatures (others)
  The ghost of syranez the Fighter, a novice DsWr of Dithmenos (D:8)
  An adder skeleton (D:4)
2 creatures vanquished.

Grand Total: 197 creatures vanquished

Notes
Turn   | Place    | Note
-------+----------+-------------------------------------------
     0 | Abyss:1  | Kriby the Human Abyssal Knight began the quest for the Orb.
     0 | Abyss:1  | Reached XP level 1. HP: 18/18 MP: 2/2
    96 | Abyss:3  | Noticed an eidolon
   176 | Abyss:3  | Noticed a quasit
   182 | D:1      | Escaped the Abyss
   465 | D:1      | Reached XP level 2. HP: 24/24 MP: 3/3
   611 | D:1      | Reached * piety under Lugonu
  1545 | D:2      | Reached XP level 3. HP: 29/29 MP: 4/4
  1715 | D:2      | Found Gozag's Platinum Reserve.
  1731 | D:2      | Found an opulent altar of Gozag.
  1736 | D:2      | Noticed Robin
  2127 | D:2      | Reached XP level 4. HP: 35/35 MP: 5/5
  2434 | D:2      | Found a runed door.
  2475 | D:2      | Reached ** piety under Lugonu
  2488 | D:2      | Killed Robin
  2672 | D:2      | Found a snail-covered altar of Cheibriados.
  2697 | D:2      | Noticed Terence
  3027 | D:2      | Killed Terence
  3027 | D:2      | Reached XP level 5. HP: 30/41 MP: 7/7
  4292 | D:3      | Reached XP level 6. HP: 48/48 MP: 8/8
  4396 | D:3      | Found a blossoming altar of Fedhas.
  4469 | D:3      | Found a glowing golden altar of the Shining One.
  4699 | D:3      | Found a white marble altar of Elyvilon.
  5893 | D:4      | Reached XP level 7. HP: 18/54 MP: 9/9
  5903 | D:5      | Entered Level 5 of the Dungeon
  6617 | D:5      | Found a hazy altar of Hepliaklqana.
  6618 | D:5      | Noticed Ijyb
  6655 | D:5      | Killed Ijyb
  6701 | D:5      | Noticed Duvessa
  6715 | D:5      | Noticed Dowan
  6718 | D:5      | Killed Duvessa
  6734 | D:5      | Killed Dowan
  7282 | D:5      | Found a sacrificial altar of Ru.
  7285 | D:5      | Noticed Sigmund
  7297 | D:5      | Killed Sigmund
  7297 | D:5      | Reached XP level 8. HP: 15/61 MP: 11/11
  7534 | D:5      | Found a burning altar of Makhleb.
  7534 | D:5      | Noticed Menkaure
  7543 | D:5      | Killed Menkaure
  7543 | D:5      | Reached skill level 5 in Fighting
  8266 | D:4      | Noticed Pikel
  8355 | D:3      | Killed Pikel
  8355 | D:3      | Reached skill level 5 in Axes
  8355 | D:3      | Reached skill level 5 in Armour
  8355 | D:3      | Reached skill level 5 in Invocations
  8355 | D:3      | Reached XP level 9. HP: 42/68 MP: 11/13
  8714 | D:4      | Noticed Grinder
  8815 | D:4      | Paralysed by Grinder for 2 turns
  8825 | D:4      | Killed Grinder
  9000 | D:4      | Found a hide-covered altar of Uskayaw.
  9067 | D:4      | Found a deep blue altar of Sif Muna.
  9069 | D:4      | Found a shattered altar of Ashenzari.
  9138 | D:4      | Found an iron altar of Okawaru.
  9207 | D:6      | Noticed Blork the orc
  9214 | D:6      | Killed Blork the orc
  9214 | D:6      | Reached *** piety under Lugonu
  9214 | D:6      | Reached skill level 5 in Dodging
  9273 | D:6      | Found a bloodstained altar of Trog.
  9667 | D:6      | Found a glowing drain.
  9730 | Sewer    | Entered a sewer
  9859 | Sewer    | Noticed Purgy
  9865 | Sewer    | Killed Purgy
 10130 | D:7      | Found Ducvi's Gadget Emporium.
 10751 | D:7      | Found a staircase to the Ecumenical Temple.
 10894 | D:7      | Reached XP level 10. HP: 66/77 MP: 14/14
 10974 | D:7      | Reached **** piety under Lugonu
 11191 | D:8      | Noticed a two-headed ogre
 11195 | D:8      | Noticed Prince Ribbit
 11204 | D:7      | Killed a two-headed ogre
 11264 | D:8      | Noticed Joseph
 11574 | D:7      | Killed Prince Ribbit
 11738 | D:8      | Noticed syranez's ghost (novice DsWr)
 12570 | D:7      | Killed Joseph
 13075 | D:8      | Found an iron altar of Okawaru.
 13151 | D:8      | Banished syranez's ghost
 13442 | D:8      | Slain by a troll

Vault maps used:
D:1:      dpeg_arrival_morbid_curiosity
D:2:      cheibriados_altar_1, nicolae_gozag_zags_fifth_avenue, first_ration,
          uniq_robin, uniq_crazy_yiuf_cottage, uniq_terence
D:3:      wad_lake_hut, nicolae_overflow_crystal_walls,
          lemuel_coloured_pillars_altar, nicolae_overflow_hidden_temple
D:4:      grunt_temple_overflow_open, grunt_ministairs_3,
          kennysheep_okawaru_gauntlet, uniq_grinder, uniq_pikel
D:5:      nicolae_ru_awakened_eye, old_standard_altar, bloody_makhleb,
          uniq_duvessa, uniq_ijyb, uniq_sigmund, uniq_menkaure
D:6:      marbit_many_paths, gup_sewer_entry_bowl, uniq_blork_the_orc
D:7:      minmay_temple_entry_large_hall, serial_shops, nicolae_shop_trees
D:8:      lemuel_round_altar, erik_lair_island, grunt_pizzeria, uniq_joseph,
          uniq_prince_ribbit1
Abyss:3:  evilmike_nicolae_abyss_rune_containment_curve
Sewer:    sewer_the_crocodile

Skill      XL: |  1  2  3  4  5  6  7  8  9 10 |
---------------+-------------------------------+-----
Dodging        | 2 3 4 5 6 |  6.9
Invocations    | 3 4 5 6 7 |  7.8
Armour         | 3 4 5 6 7 |  7.2
Axes           | 3 4 5 6 7 |  7.2
Fighting       | 4 5 6 7 |  7.5

Action                   |  1- 3 |  4- 6 |  7- 9 | 10-12 || total
-------------------------+-------+-------+-------+-------++-------
Melee: Hand axe          |   130 |   228 |       |       ||   358
       War axe           |       |    58 |   251 |       ||   309
       Scythe            |       |       |   243 |   169 ||   412
Invok: Depart the Abyss  |     1 |       |       |       ||     1
       Banish            |       |       |       |     1 ||     1
Evoke: Wand              |       |       |    15 |    11 ||    26
  Use: Scroll            |     6 |     1 |     2 |     7 ||    16
       Potion            |     1 |     9 |     4 |     1 ||    15
  Eat: Chunk             |     4 |    11 |     9 |     6 ||    30
       Ration            |       |       |     3 |     1 ||     4
Armor: Leather armour    |     5 |       |       |       ||     5
       Skin              |    12 |     6 |       |       ||    18
       Ring mail         |    34 |    46 |       |       ||    80
       Plate armour      |       |   151 |   314 |       ||   465
       Chain mail        |       |       |   183 |   211 ||   394
Dodge: Dodged            |    75 |   130 |   250 |   155 ||   610
Block: Other             |       |       |     4 |    44 ||    48
       Reflection        |       |       |       |     1 ||     1

Table legend:
 A = Spawn XP
 B = Non-spawn XP
 C = Spawn XP percentage of total XP
 D = Spawn monster count
 E = Non-spawn monster count
 F = Spawn count percentage of total count
 G = Total turns spent on level
                    A         B        C        D         E        F      G
               +---------+---------+-------+---------+---------+-------+---------
         Total |       0 |    7571 |   0.0 |       0 |     195 |   0.0 | 13442
               +---------+---------+-------+---------+---------+-------+---------
           D:1 |       0 |      30 |   0.0 |       0 |      19 |   0.0 |  1710
           D:2 |       0 |     144 |   0.0 |       0 |      27 |   0.0 |  1672
           D:3 |       0 |     906 |   0.0 |       0 |      38 |   0.0 |  2529
           D:4 |       0 |     529 |   0.0 |       0 |      16 |   0.0 |   816
           D:5 |       0 |     846 |   0.0 |       0 |      13 |   0.0 |  2298
           D:6 |       0 |     648 |   0.0 |       0 |      23 |   0.0 |  1400
           D:7 |       0 |    3408 |   0.0 |       0 |      39 |   0.0 |  2158
           D:8 |       0 |     924 |   0.0 |       0 |      14 |   0.0 |   488
         Sewer |       0 |     136 |   0.0 |       0 |       6 |   0.0 |   189
               +---------+---------+-------+---------+---------+-------+---------
